WCHLSIM.com - West Coast Hockey League
html PUBLIC "-//W3C//DTD XHTML 1.0 Transitional//EN" "http://www.w3.org/TR/xhtml1/DTD/xhtml1-transitional.dtd"> WCHL - Game 363 - LAS VEGAS LIZARD KINGS vs UTAH ICE BEARS

LAS VEGAS LIZARD KINGS vs UTAH ICE BEARS

Created - 26 novembre 2019 at 17:49

Goals
1 2 3 T
LAS VEGAS LIZARD KINGS 2 2 0 4
UTAH ICE BEARS 0 0 1 1
Shots
1 2 3 T
LAS VEGAS LIZARD KINGS 12 25 7 44
UTAH ICE BEARS 6 5 5 16

1st period

1. LAS VEGAS LIZARD KINGS , Sean Monahan 16 (Johnny Gaudreau 19) at 9:54
2. LAS VEGAS LIZARD KINGS , Ryan Nugent-Hopkins 13 (Brent Burns 20, Derek Ryan 6) at 18:15 (PP)

Penalties :
Brett Kulak (UTA) for Goalie Interference (Minor) at 7:40, Ondrej Vala (UTA) for Hooking (Minor) at 16:32

2nd period

3. LAS VEGAS LIZARD KINGS , Mike Ferland 6 (Derek Ryan 7, Bobby Ryan 8) at 13:28 (PP)
4. LAS VEGAS LIZARD KINGS , Johnny Gaudreau 8 (Sean Monahan 15, Brent Burns 21) at 14:33

Penalties :
Ondrej Vala (UTA) for Interference (Minor) at 12:23

3rd period

5. UTAH ICE BEARS , Casey Mittelstadt 1 (Jake Guentzel 10) at 19:09

Penalties :
No Penalty

Goalie Stats

Marc-Andre Fleury (LVG), 15 saves from 16 shots - (0,938), W, 18-3-0, 60:00 minutes
Connor Ingram (UTA), 40 saves from 44 shots - (0,909), L, 1-9-2, 60:00 minutes

Players Stats for LAS VEGAS LIZARD KINGS

Player Name              G  A  P  +/- PIM S  H  SB GA TA FO     MP     PP MP  PK MP  
------------------------------------------------------------------------------------
Alex Petrovic            0  0  0   1  0   1  2  1  0  0  0/0    14:19   0:00   0:00 
Barclay Goodrow          0  0  0   0  0   0  3  0  0  0  2/3    19:35   2:19   0:00 
Bobby Ryan               0  1  1  -1  0   2  2  0  0  0  0/0    20:29   2:28   0:00 
Brayden McNabb           0  0  0   1  0   0  0  0  0  0  0/0    22:28   1:52   0:00 
Brent Burns              0  2  2   1  0   3  1  0  0  0  0/0    24:36   2:55   0:00 
Derek Ryan               0  2  2   0  0   5  0  0  0  0  11/15  17:57   2:28   0:00 
Evan Rodrigues           0  0  0   0  0   2  0  0  0  0  1/4     2:11   0:00   0:00 
Garrett Wilson           0  0  0   0  0   0  0  0  0  0  0/0     0:00   0:00   0:00 
Jason Pominville         0  0  0   0  0   1  0  0  0  0  0/0     2:11   0:00   0:00 
Joel Armia               0  0  0  -1  0   3  0  1  0  0  0/0    17:48   0:00   0:00 
Johnny Gaudreau          1  1  2   2  0   8  1  0  0  0  0/0    22:04   2:19   0:00 
Keegan Lowe              0  0  0   1  0   0  0  0  0  0  0/0    14:19   0:00   0:00 
Mark Pysyk               0  0  0  -1  0   0  1  0  0  0  0/0    21:05   1:52   0:00 
Matt Niskanen            0  0  0  -1  0   1  1  2  0  0  0/0    20:18   0:00   0:00 
Mike Ferland             1  0  1   0  0   5  1  0  0  0  1/1    17:57   2:28   0:00 
Nino Niederreiter        0  0  0   2  0   4  4  0  0  0  1/3    19:56   0:00   0:00 
Ryan Nugent-Hopkins      1  0  1  -1  0   5  2  0  0  0  7/21   20:43   2:55   0:00 
Sean Monahan             1  1  2   2  0   4  1  0  0  0  15/26  22:04   2:19   0:00 

Players Stats for UTAH ICE BEARS

Player Name              G  A  P  +/- PIM S  H  SB GA TA FO     MP     PP MP  PK MP  
------------------------------------------------------------------------------------
Adam Mascherin           0  0  0  -2  0   0  0  0  0  0  0/0    18:05   0:00   0:00 
Alex Galchenyuk          0  0  0  -2  0   3  0  0  0  0  10/17  18:46   0:00   1:38 
Artem Anisimov           0  0  0   0  0   1  1  0  0  0  8/15   12:59   0:00   3:09 
Brett Kulak              0  0  0  -1  2   0  0  4  0  0  0/0    17:00   0:00   0:00 
Casey Mittelstadt        1  0  1   1  0   2  0  0  0  0  6/14   14:31   0:00   1:38 
Dominic Toninato         0  0  0   1  0   0  4  0  0  0  2/2    12:50   0:00   0:00 
Jake Guentzel            0  1  1   1  0   3  0  1  0  0  0/0    15:59   0:00   3:09 
Kevin Shattenkirk        0  0  0   0  0   2  0  2  0  0  0/0    19:14   0:00   1:19 
MacKenzie Weegar         0  0  0   0  0   0  6  0  0  0  0/0    21:29   0:00   3:28 
Mats Zuccarello          0  0  0   0  0   0  1  1  0  0  0/0     9:13   0:00   0:00 
Nicholas Paul            0  0  0   0  0   0  0  0  0  0  9/22   16:02   0:00   0:00 
Ondrej Vala              0  0  0  -1  4   0  5  0  0  0  0/0    17:46   0:00   0:00 
Rudolfs Balcers          0  0  0  -2  0   3  0  0  0  0  0/1    17:08   0:00   0:00 
Ryan Kuffner             0  0  0   0  0   0  1  0  0  0  0/0     9:13   0:00   0:00 
Tim Heed                 0  0  0   0  0   0  1  1  0  0  0/0    22:47   0:00   3:28 
Troy Stecher             0  0  0   0  0   0  3  5  0  0  0/0    20:04   0:00   1:19 
Vladislav Kotkov         0  0  0   0  0   0  1  0  0  0  0/1    16:02   0:00   0:00 
Zach Hyman               0  0  0   0  0   2  1  1  0  0  0/1    16:02   0:00   0:00 

3 Stars

1 - Sean Monahan (LVG)
2 - Johnny Gaudreau (LVG)
3 - Brent Burns (LVG)

Power Play

LAS VEGAS LIZARD KINGS - 2 on 3 Attempt(s) - 66,67%
UTAH ICE BEARS - 0 on 0 Attempt(s) - 0,00%

Penalty Kill

LAS VEGAS LIZARD KINGS - 0 on 0 Attempt(s) - 0,00% - Score 0 goal in Penalty Kill
UTAH ICE BEARS - 1 on 3 Attempt(s) - 33,33% - Score 0 goal in Penalty Kill

Team Stat

LAS VEGAS LIZARD KINGS - Hits : 19 - Faceoff Wins : 38 - Blocked Shots : 4 - Penalty Minutes : 0
UTAH ICE BEARS - Hits : 24 - Faceoff Wins : 35 - Blocked Shots : 15 - Penalty Minutes : 6

Official

Referees : Geoff Miller and Kyle Rehman
Linesman : Bob Bernard and Dan Panciocco

Game Notes

No Game Note

Finance

Level 1 -- Attendance: 7193 (92,81%) -- Ticket Income 812 809 $
Level 2 -- Attendance: 5750 (100,00%) -- Ticket Income 442 750 $
Level 3 -- Attendance: 2500 (100,00%) -- Ticket Income 140 000 $
Level 4 -- Attendance: 5000 (100,00%) -- Ticket Income 180 000 $
Luxury Box -- Attendance: 1000 (100,00%) -- Ticket Income 225 000 $
Total Attendance: 21443 (97,47%)
Total Ticket Income: 1 800 559 $
Other Income: 540 168 $
Total Income: 2 340 727 $

LAS VEGAS LIZARD KINGS

5 vs 5 Forward 
   Center                   Left Wing                Right Wing               Time % Phy DF OF 
 1 Sean Monahan             Johnny Gaudreau          Nino Niederreiter        32     0   2  3  
 2 Ryan Nugent-Hopkins      Bobby Ryan               Joel Armia               31     0   2  3  
 3 Derek Ryan               Barclay Goodrow          Mike Ferland             30     0   2  3  
 4 Evan Rodrigues           Barclay Goodrow          Jason Pominville         7      0   3  2  

5 vs 5 Defense 
   Defense                  Defense                                           Time % Phy DF OF 
 1 Brent Burns              Brayden McNabb                                    43     0   2  3  
 2 Matt Niskanen            Mark Pysyk                                        42     0   2  3  
 3 Alex Petrovic            Keegan Lowe                                       15     0   5  0  
 4 Brent Burns              Matt Niskanen                                     0      0   1  4  

PowerPlay Forward 
   Center                   Left Wing                Right Wing               Time % Phy DF OF 
 1 Sean Monahan             Johnny Gaudreau          Barclay Goodrow          70     0   0  5  
 2 Derek Ryan               Bobby Ryan               Mike Ferland             30     0   0  5  

PowerPlay Defense
   Defense                  Defense                                           Time % Phy DF OF 
 1 Brent Burns              Ryan Nugent-Hopkins                               70     0   0  5  
 2 Brayden McNabb           Mark Pysyk                                        30     0   0  5  

Penalty Kill 4 Players Forward 
   Center                   Wing                     Time % Phy DF OF 
 1 Derek Ryan               Joel Armia               65     0   5  0  
 2 Barclay Goodrow          Ryan Nugent-Hopkins      35     0   5  0  

Penalty Kill 4 Players Defense
   Defense                  Defense                  Time % Phy DF OF 
 1 Brayden McNabb           Mark Pysyk               75     0   5  0  
 2 Brent Burns              Matt Niskanen            25     0   5  0  

Penalty Kill - 3 Players Forward 
   Forward                                           Time % Phy DF OF 
 1 Derek Ryan                                        55     0   5  0  
 2 Barclay Goodrow                                   45     0   5  0  

Penalty Kill - 3 Players Defense
   Defense                  Defense                  Time % Phy DF OF 
 1 Alex Petrovic            Keegan Lowe              50     0   5  0  
 2 Brayden McNabb           Mark Pysyk               50     0   5  0  

4 vs 4 Forward 
   Center                   Wing                     Time % Phy DF OF 
 1 Ryan Nugent-Hopkins      Johnny Gaudreau          55     1   2  2  
 2 Sean Monahan             Bobby Ryan               45     1   2  2  

4 vs 4 Defense
   Defense                  Defense                  Time % Phy DF OF 
 1 Brent Burns              Matt Niskanen            55     1   2  2  
 2 Brayden McNabb           Mark Pysyk               45     1   2  2  

Last Minutes Offensive
   Center                   Left Wing                Right Wing               Defense                  Defense                  
   Sean Monahan             Johnny Gaudreau          Nino Niederreiter        Brent Burns              Matt Niskanen            

Last Minutes Defensive
   Center                   Left Wing                Right Wing               Defense                  Defense                  
   Ryan Nugent-Hopkins      Barclay Goodrow          Joel Armia               Brent Burns              Matt Niskanen            

Goaltenders
Starting : Marc-Andre Fleury        
Backup : Curtis McElhinney        

Extra Forwards
Normal : Mike Ferland, Jason Pominville, Evan Rodrigues - PP : Mike Ferland, Jason Pominville - PK : Ryan Nugent-Hopkins
Extra Defensemen
Normal : Mark Pysyk, Brayden McNabb, Alex Petrovic - PP : Mark Pysyk - PK : Alex Petrovic, Brayden McNabb
Penalty Shots
Johnny Gaudreau, Ryan Nugent-Hopkins, Sean Monahan, Derek Ryan, Mike Ferland
Custom OT Lines Forwards
Johnny Gaudreau, Ryan Nugent-Hopkins, Sean Monahan, Nino Niederreiter, Bobby Ryan, Joel Armia, Mike Ferland, Derek Ryan, Jason Pominville, Barclay Goodrow
Custom OT Lines Defensemen
Brent Burns, Matt Niskanen, Brayden McNabb, Mark Pysyk, Alex Petrovic

Scratches
Givani Smith (Healthy), Beck Malenstyn (Healthy), Olli Juolevi (Healthy), Henrik Samuelsson (Healthy), Jaycob Megna (Fractured Bone in Left Hand Injury)
Nick Moutrey (Healthy), Nick Jensen (Sprained Right Knee Injury), Skyler McKenzie (Healthy), Spencer Smallman (Healthy), Ty Dellandrea (Healthy)

UTAH ICE BEARS

5 vs 5 Forward 
   Center                   Left Wing                Right Wing               Time % Phy DF OF 
 1 Nicholas Paul            Zach Hyman               Vladislav Kotkov         32     3   2  0  
 2 Alex Galchenyuk          Adam Mascherin           Rudolfs Balcers          30     3   2  0  
 3 Casey Mittelstadt        Jake Guentzel            Dominic Toninato         24     3   2  0  
 4 Artem Anisimov           Ryan Kuffner             Mats Zuccarello          14     3   2  0  

5 vs 5 Defense 
   Defense                  Defense                                           Time % Phy DF OF 
 1 Kevin Shattenkirk        Tim Heed                                          28     3   2  0  
 2 Brett Kulak              Ondrej Vala                                       27     3   2  0  
 3 Troy Stecher             MacKenzie Weegar                                  24     2   2  1  
 4 Ondrej Vala              Tim Heed                                          21     3   2  0  

PowerPlay Forward 
   Center                   Left Wing                Right Wing               Time % Phy DF OF 
 1 Dominic Toninato         Adam Mascherin           Nicholas Paul            55     1   0  4  
 2 Artem Anisimov           Vladislav Kotkov         Alex Galchenyuk          45     1   0  4  

PowerPlay Defense
   Defense                  Defense                                           Time % Phy DF OF 
 1 Brett Kulak              Tim Heed                                          53     0   1  4  
 2 Ondrej Vala              Troy Stecher                                      47     0   1  4  

Penalty Kill 4 Players Forward 
   Center                   Wing                     Time % Phy DF OF 
 1 Artem Anisimov           Jake Guentzel            55     0   5  0  
 2 Casey Mittelstadt        Alex Galchenyuk          45     0   5  0  

Penalty Kill 4 Players Defense
   Defense                  Defense                  Time % Phy DF OF 
 1 Tim Heed                 MacKenzie Weegar         55     0   5  0  
 2 Troy Stecher             Kevin Shattenkirk        45     0   5  0  

Penalty Kill - 3 Players Forward 
   Forward                                           Time % Phy DF OF 
 1 Vladislav Kotkov                                  55     0   5  0  
 2 Dominic Toninato                                  45     0   5  0  

Penalty Kill - 3 Players Defense
   Defense                  Defense                  Time % Phy DF OF 
 1 MacKenzie Weegar         Troy Stecher             55     0   5  0  
 2 Ondrej Vala              Troy Stecher             45     0   5  0  

4 vs 4 Forward 
   Center                   Wing                     Time % Phy DF OF 
 1 Alex Galchenyuk          Mats Zuccarello          50     0   2  3  
 2 Artem Anisimov           Nicholas Paul            50     0   2  3  

4 vs 4 Defense
   Defense                  Defense                  Time % Phy DF OF 
 1 Kevin Shattenkirk        Brett Kulak              55     0   2  3  
 2 Troy Stecher             Tim Heed                 45     0   3  2  

Last Minutes Offensive
   Center                   Left Wing                Right Wing               Defense                  Defense                  
   Alex Galchenyuk          Jake Guentzel            MacKenzie Weegar         Tim Heed                 Brett Kulak              

Last Minutes Defensive
   Center                   Left Wing                Right Wing               Defense                  Defense                  
   Artem Anisimov           Zach Hyman               Jake Guentzel            Tim Heed                 Brett Kulak              

Goaltenders
Starting : Connor Ingram            
Backup : Ben Bishop               

Extra Forwards
Normal : Rudolfs Balcers, Artem Anisimov, Alex Galchenyuk - PP : Artem Anisimov, Casey Mittelstadt - PK : Rudolfs Balcers
Extra Defensemen
Normal : Troy Stecher, Kevin Shattenkirk, Tim Heed - PP : Troy Stecher - PK : Troy Stecher, Brett Kulak
Penalty Shots
Ryan Kuffner, Dominic Toninato, Adam Mascherin, Rudolfs Balcers, Vladislav Kotkov
Custom OT Lines Forwards
Alex Galchenyuk, Jake Guentzel, Artem Anisimov, Mats Zuccarello, Adam Mascherin, Ryan Kuffner, Dominic Toninato, Casey Mittelstadt, Rudolfs Balcers, Zach Hyman
Custom OT Lines Defensemen
Tim Heed, MacKenzie Weegar, Kevin Shattenkirk, Brett Kulak, Troy Stecher

Scratches
Blake Lizotte (Right Knee Injury), Brandon Pirri (Healthy), Daniel Audette (Healthy), Evan Polei (Healthy), Dustin Byfuglien (Torn Right ACL Injury)
Giorgio Estephan (Healthy), Jakob Stukel (Healthy), Justin Auger (Healthy), Mason Mitchell (Healthy), T.J. Brodie (Healthy)
Brock Nelson (Healthy)

% Time on Ice - LAS VEGAS LIZARD KINGS

Lines # - Real PCT - Wanted PCT - Time Play
Normal Forward
1 - 36% - 32% - 19:45
2 - 32% - 31% - 17:48
3 - 28% - 30% - 15:29
4 - 4% - 7% - 2:11
Normal Defense
1 - 37% - 43% - 20:17
2 - 35% - 42% - 19:13
3 - 26% - 15% - 14:19
4 - 3% - 0% - 1:24
PP Forward
1 - 48% - 70% - 2:19
2 - 52% - 30% - 2:28
PP Defense
1 - 61% - 70% - 2:55
2 - 39% - 30% - 1:52
PK Forward
1 - 0% - 65%
2 - 0% - 35%
PK Defense
1 - 0% - 75%
2 - 0% - 25%
PK3 Forward
1 - 0% - 55%
2 - 0% - 45%
PK3 Defense
1 - 0% - 50%
2 - 0% - 50%
44 Forward
1 - 0% - 55%
2 - 0% - 45%
44 Defense
1 - 0% - 55%
2 - 0% - 45%
Last Minute Offensive  - 0:00
Last Minute Defensive  - 0:00
Total
Forward - 60:00
Defense - 60:00

% Time on Ice - UTAH ICE BEARS

Lines # - Real PCT - Wanted PCT - Time Play
Normal Forward
1 - 29% - 32% - 16:02
2 - 31% - 30% - 17:08
3 - 23% - 24% - 12:50
4 - 17% - 14% - 9:13
Normal Defense
1 - 30% - 28% - 16:37
2 - 28% - 27% - 15:37
3 - 36% - 24% - 19:40
4 - 6% - 21% - 3:19
PP Forward
1 - 0% - 55%
2 - 0% - 45%
PP Defense
1 - 0% - 53%
2 - 0% - 47%
PK Forward
1 - 66% - 55% - 3:09
2 - 34% - 45% - 1:38
PK Defense
1 - 72% - 55% - 3:28
2 - 28% - 45% - 1:19
PK3 Forward
1 - 0% - 55%
2 - 0% - 45%
PK3 Defense
1 - 0% - 55%
2 - 0% - 45%
44 Forward
1 - 0% - 50%
2 - 0% - 50%
44 Defense
1 - 0% - 55%
2 - 0% - 45%
Last Minute Offensive  - 0:00
Last Minute Defensive  - 0:00
Total
Forward - 60:00
Defense - 60:00

Play-by-Play

1st period


0:01 of 1st period - Sean Monahan wins face-off versus Nicholas Paul in neutral zone.
0:08 of 1st period - Shot by Johnny Gaudreau.
0:08 of 1st period - Shot Blocked by Tim Heed.
0:36 of 1st period - Shot by Sean Monahan.
0:36 of 1st period - Shot Misses the Net.
0:38 of 1st period - Shot by Brent Burns.
0:38 of 1st period - Shot Misses the Net.
0:40 of 1st period - Shot by Johnny Gaudreau.
0:40 of 1st period - Shot Misses the Net.
2:55 of 1st period - Icing by Derek Ryan.
2:56 of 1st period - Artem Anisimov wins face-off versus Derek Ryan in LAS VEGAS LIZARD KINGS zone.
3:00 of 1st period - Icing by Alex Petrovic.
3:01 of 1st period - Artem Anisimov wins face-off versus Derek Ryan in LAS VEGAS LIZARD KINGS zone.
3:38 of 1st period - Artem Anisimov is hit by Nino Niederreiter and loses puck.
5:01 of 1st period - Shot by Bobby Ryan.
5:01 of 1st period - Stopped by Connor Ingram without a rebound.
5:02 of 1st period - Sean Monahan wins face-off versus Zach Hyman in UTAH ICE BEARS zone.
5:06 of 1st period - Icing by Zach Hyman.
5:07 of 1st period - Nicholas Paul wins face-off versus Ryan Nugent-Hopkins in UTAH ICE BEARS zone.
6:05 of 1st period - Shot by Johnny Gaudreau.
6:05 of 1st period - Stopped by Connor Ingram without a rebound.
6:06 of 1st period - Casey Mittelstadt wins face-off versus Evan Rodrigues in UTAH ICE BEARS zone.
6:21 of 1st period - Shot by Jason Pominville.
6:21 of 1st period - Stopped by Connor Ingram with a rebound.
6:23 of 1st period - Shot by Jason Pominville.
6:23 of 1st period - Deflect By Evan Rodrigues.
6:23 of 1st period - Stopped by Connor Ingram without a rebound.
6:24 of 1st period - Artem Anisimov wins face-off versus Sean Monahan in UTAH ICE BEARS zone.
7:25 of 1st period - Off-side.
7:26 of 1st period - Alex Galchenyuk wins face-off versus Barclay Goodrow in neutral zone.
7:40 of 1st period - Minor Penalty to Brett Kulak for Goalie Interference.
7:41 of 1st period - Derek Ryan wins face-off versus Artem Anisimov in UTAH ICE BEARS zone.
9:50 of 1st period - Off-side.
9:51 of 1st period - Sean Monahan wins face-off versus Alex Galchenyuk in neutral zone.
9:54 of 1st period - Shot by Sean Monahan.
9:54 of 1st period - Goal by Sean Monahan - LAS VEGAS LIZARD KINGS : 1 - UTAH ICE BEARS : 0.
9:55 of 1st period - Sean Monahan wins face-off versus Nicholas Paul in neutral zone.
10:08 of 1st period - Shot by Sean Monahan.
10:08 of 1st period - Shot Misses the Net.
10:10 of 1st period - Shot by Sean Monahan.
10:10 of 1st period - Deflect By Nino Niederreiter.
10:10 of 1st period - Shot Misses the Net.
10:12 of 1st period - Shot by Johnny Gaudreau.
10:12 of 1st period - Stopped by Connor Ingram without a rebound.
10:13 of 1st period - Alex Galchenyuk wins face-off versus Evan Rodrigues in UTAH ICE BEARS zone.
10:13 of 1st period - Alex Galchenyuk is hit by Barclay Goodrow.
10:32 of 1st period - Shot by Alex Galchenyuk.
10:32 of 1st period - Deflect By Rudolfs Balcers.
10:32 of 1st period - Stopped by Marc-Andre Fleury with a rebound.
10:34 of 1st period - Shot by Adam Mascherin.
10:34 of 1st period - Shot Misses the Net.
10:36 of 1st period - Shot by Alex Galchenyuk.
10:36 of 1st period - Shot Misses the Net.
10:38 of 1st period - Shot by Brett Kulak.
10:38 of 1st period - Shot Blocked by Matt Niskanen.
10:40 of 1st period - Shot by Rudolfs Balcers.
10:40 of 1st period - Stopped by Marc-Andre Fleury without a rebound.
10:41 of 1st period - Nicholas Paul wins face-off versus Ryan Nugent-Hopkins in LAS VEGAS LIZARD KINGS zone.
10:48 of 1st period - Shot by Zach Hyman.
10:48 of 1st period - Stopped by Marc-Andre Fleury with a rebound.
10:51 of 1st period - Zach Hyman is hit by Brent Burns and loses puck.
10:58 of 1st period - Shot by Kevin Shattenkirk.
10:58 of 1st period - Stopped by Marc-Andre Fleury with a rebound.
11:00 of 1st period - Shot by Tim Heed.
11:00 of 1st period - Shot Misses the Net.
11:36 of 1st period - Nino Niederreiter is hit by Dominic Toninato and loses puck.
11:50 of 1st period - Johnny Gaudreau is hit by Troy Stecher and loses puck.
12:11 of 1st period - Shot by Johnny Gaudreau.
12:11 of 1st period - Shot Blocked by Troy Stecher.
13:28 of 1st period - Brent Burns is hit by Mats Zuccarello and loses puck.
13:34 of 1st period - Icing by Brent Burns.
13:35 of 1st period - Nicholas Paul wins face-off versus Ryan Nugent-Hopkins in LAS VEGAS LIZARD KINGS zone.
13:45 of 1st period - Icing by Joel Armia.
13:46 of 1st period - Artem Anisimov wins face-off versus Ryan Nugent-Hopkins in LAS VEGAS LIZARD KINGS zone.
14:14 of 1st period - Icing by Brent Burns.
14:15 of 1st period - Ryan Nugent-Hopkins wins face-off versus Nicholas Paul in LAS VEGAS LIZARD KINGS zone.
14:41 of 1st period - Shot by Zach Hyman.
14:41 of 1st period - Stopped by Marc-Andre Fleury with a rebound.
14:43 of 1st period - Shot by Kevin Shattenkirk.
14:43 of 1st period - Stopped by Marc-Andre Fleury without a rebound.
14:44 of 1st period - Sean Monahan wins face-off versus Alex Galchenyuk in LAS VEGAS LIZARD KINGS zone.
15:20 of 1st period - Shot by Sean Monahan.
15:20 of 1st period - Stopped by Connor Ingram without a rebound.
15:21 of 1st period - Derek Ryan wins face-off versus Casey Mittelstadt in UTAH ICE BEARS zone.
15:49 of 1st period - Icing by Troy Stecher.
15:50 of 1st period - Ryan Nugent-Hopkins wins face-off versus Casey Mittelstadt in UTAH ICE BEARS zone.
16:09 of 1st period - Icing by Troy Stecher.
16:10 of 1st period - Dominic Toninato wins face-off versus Sean Monahan in UTAH ICE BEARS zone.
16:22 of 1st period - Sean Monahan is hit by Dominic Toninato and loses puck.
16:32 of 1st period - Minor Penalty to Ondrej Vala for Hooking.
16:33 of 1st period - Derek Ryan wins face-off versus Artem Anisimov in UTAH ICE BEARS zone.
16:34 of 1st period - Shot by Brent Burns.
16:34 of 1st period - Stopped by Connor Ingram with a rebound.
16:52 of 1st period - Shot by Brent Burns.
16:52 of 1st period - Shot Misses the Net.
16:54 of 1st period - Shot by Derek Ryan.
16:54 of 1st period - Stopped by Connor Ingram without a rebound.
16:55 of 1st period - Casey Mittelstadt wins face-off versus Sean Monahan in UTAH ICE BEARS zone.
16:55 of 1st period - Casey Mittelstadt is hit by Barclay Goodrow.
17:57 of 1st period - Shot by Brent Burns.
17:57 of 1st period - Shot Misses the Net.
17:59 of 1st period - Shot by Brent Burns.
17:59 of 1st period - Deflect By Mike Ferland.
17:59 of 1st period - Shot Misses the Net.
18:05 of 1st period - Shot by Ryan Nugent-Hopkins.
18:05 of 1st period - Stopped by Connor Ingram without a rebound.
18:06 of 1st period - Artem Anisimov wins face-off versus Derek Ryan in UTAH ICE BEARS zone.
18:11 of 1st period - Shot by Brent Burns.
18:11 of 1st period - Shot Blocked by Troy Stecher.
18:13 of 1st period - Shot by Ryan Nugent-Hopkins.
18:13 of 1st period - Shot Misses the Net.
18:15 of 1st period - Shot by Ryan Nugent-Hopkins.
18:15 of 1st period - Goal by Ryan Nugent-Hopkins - LAS VEGAS LIZARD KINGS : 2 - UTAH ICE BEARS : 0.
18:16 of 1st period - Sean Monahan wins face-off versus Nicholas Paul in neutral zone.
18:49 of 1st period - Shot by Johnny Gaudreau.
18:49 of 1st period - Deflect By Sean Monahan.
18:49 of 1st period - Shot Blocked by Brett Kulak.
18:51 of 1st period - Shot by Johnny Gaudreau.
18:51 of 1st period - Shot Blocked by Brett Kulak.
18:53 of 1st period - Shot by Alex Petrovic.
18:53 of 1st period - Stopped by Connor Ingram without a rebound.
18:54 of 1st period - Derek Ryan wins face-off versus Artem Anisimov in UTAH ICE BEARS zone.
19:05 of 1st period - Artem Anisimov is hit by Mike Ferland.
19:15 of 1st period - Barclay Goodrow is hit by Artem Anisimov and loses puck.
Goals for this period are 2 for LAS VEGAS LIZARD KINGS vs 0 for UTAH ICE BEARS.
Shots for this period are 12 for LAS VEGAS LIZARD KINGS vs 6 for UTAH ICE BEARS.

2nd period


0:01 of 2nd period - Derek Ryan wins face-off versus Vladislav Kotkov in neutral zone.
0:06 of 2nd period - Shot by Mike Ferland.
0:06 of 2nd period - Stopped by Connor Ingram with a rebound.
0:08 of 2nd period - Shot by Brent Burns.
0:08 of 2nd period - Stopped by Connor Ingram without a rebound.
0:09 of 2nd period - Alex Galchenyuk wins face-off versus Ryan Nugent-Hopkins in UTAH ICE BEARS zone.
0:28 of 2nd period - Shot by Alex Galchenyuk.
0:28 of 2nd period - Stopped by Marc-Andre Fleury without a rebound.
0:29 of 2nd period - Derek Ryan wins face-off versus Nicholas Paul in LAS VEGAS LIZARD KINGS zone.
0:38 of 2nd period - Shot by Mike Ferland.
0:38 of 2nd period - Deflect By Derek Ryan.
0:38 of 2nd period - Stopped by Connor Ingram without a rebound.
0:39 of 2nd period - Alex Galchenyuk wins face-off versus Nino Niederreiter in UTAH ICE BEARS zone.
0:45 of 2nd period - Off-side.
0:46 of 2nd period - Derek Ryan wins face-off versus Nicholas Paul in neutral zone.
1:51 of 2nd period - Icing by Troy Stecher.
1:52 of 2nd period - Sean Monahan wins face-off versus Alex Galchenyuk in UTAH ICE BEARS zone.
2:05 of 2nd period - Sean Monahan is hit by MacKenzie Weegar and loses puck.
2:08 of 2nd period - Shot by Sean Monahan.
2:08 of 2nd period - Stopped by Connor Ingram with a rebound.
2:10 of 2nd period - Shot by Johnny Gaudreau.
2:10 of 2nd period - Stopped by Connor Ingram with a rebound.
2:12 of 2nd period - Shot by Johnny Gaudreau.
2:12 of 2nd period - Shot Blocked by Troy Stecher.
2:25 of 2nd period - Sean Monahan is hit by MacKenzie Weegar and loses puck.
2:37 of 2nd period - Johnny Gaudreau is hit by MacKenzie Weegar and loses puck.
2:58 of 2nd period - Shot by Ryan Nugent-Hopkins.
2:58 of 2nd period - Stopped by Connor Ingram without a rebound.
2:59 of 2nd period - Casey Mittelstadt wins face-off versus Ryan Nugent-Hopkins in UTAH ICE BEARS zone.
3:13 of 2nd period - Icing by Mark Pysyk.
3:14 of 2nd period - Ryan Nugent-Hopkins wins face-off versus Nicholas Paul in LAS VEGAS LIZARD KINGS zone.
3:14 of 2nd period - Ryan Nugent-Hopkins is hit by Zach Hyman.
3:45 of 2nd period - Off-side.
3:46 of 2nd period - Casey Mittelstadt wins face-off versus Derek Ryan in neutral zone.
3:54 of 2nd period - Icing by Barclay Goodrow.
3:55 of 2nd period - Derek Ryan wins face-off versus Artem Anisimov in LAS VEGAS LIZARD KINGS zone.
4:07 of 2nd period - Off-side.
4:08 of 2nd period - Dominic Toninato wins face-off versus Sean Monahan in neutral zone.
4:17 of 2nd period - Shot by Jake Guentzel.
4:17 of 2nd period - Deflect By Casey Mittelstadt.
4:17 of 2nd period - Shot Misses the Net.
4:36 of 2nd period - Shot by Johnny Gaudreau.
4:36 of 2nd period - Shot Blocked by Kevin Shattenkirk.
4:50 of 2nd period - Nino Niederreiter is hit by Dominic Toninato and loses puck.
5:41 of 2nd period - Shot by Derek Ryan.
5:41 of 2nd period - Stopped by Connor Ingram without a rebound.
5:42 of 2nd period - Ryan Nugent-Hopkins wins face-off versus Alex Galchenyuk in UTAH ICE BEARS zone.
5:42 of 2nd period - Ryan Nugent-Hopkins is hit by MacKenzie Weegar.
5:56 of 2nd period - Shot by Bobby Ryan.
5:56 of 2nd period - Stopped by Connor Ingram without a rebound.
5:57 of 2nd period - Ryan Nugent-Hopkins wins face-off versus Artem Anisimov in UTAH ICE BEARS zone.
6:01 of 2nd period - Icing by Troy Stecher.
6:02 of 2nd period - Artem Anisimov wins face-off versus Ryan Nugent-Hopkins in UTAH ICE BEARS zone.
6:41 of 2nd period - Shot by Joel Armia.
6:41 of 2nd period - Stopped by Connor Ingram with a rebound.
6:43 of 2nd period - Shot by Joel Armia.
6:43 of 2nd period - Shot Blocked by Troy Stecher.
7:09 of 2nd period - Icing by Artem Anisimov.
7:10 of 2nd period - Sean Monahan wins face-off versus Artem Anisimov in UTAH ICE BEARS zone.
7:25 of 2nd period - Shot by Nino Niederreiter.
7:25 of 2nd period - Stopped by Connor Ingram without a rebound.
7:26 of 2nd period - Derek Ryan wins face-off versus Nicholas Paul in UTAH ICE BEARS zone.
7:55 of 2nd period - Shot by Derek Ryan.
7:55 of 2nd period - Stopped by Connor Ingram without a rebound.
7:56 of 2nd period - Alex Galchenyuk wins face-off versus Sean Monahan in UTAH ICE BEARS zone.
8:07 of 2nd period - Shot by Alex Galchenyuk.
8:07 of 2nd period - Stopped by Marc-Andre Fleury without a rebound.
8:08 of 2nd period - Ryan Nugent-Hopkins wins face-off versus Casey Mittelstadt in LAS VEGAS LIZARD KINGS zone.
8:19 of 2nd period - Shot by Ryan Nugent-Hopkins.
8:19 of 2nd period - Shot Blocked by Brett Kulak.
9:03 of 2nd period - Kevin Shattenkirk is hit by Ryan Nugent-Hopkins and loses puck.
9:18 of 2nd period - Alex Galchenyuk is hit by Matt Niskanen and loses puck.
10:43 of 2nd period - Shot by Johnny Gaudreau.
10:43 of 2nd period - Stopped by Connor Ingram without a rebound.
10:44 of 2nd period - Evan Rodrigues wins face-off versus Casey Mittelstadt in UTAH ICE BEARS zone.
11:00 of 2nd period - Shot by Evan Rodrigues.
11:00 of 2nd period - Stopped by Connor Ingram without a rebound.
11:01 of 2nd period - Alex Galchenyuk wins face-off versus Sean Monahan in UTAH ICE BEARS zone.
11:01 of 2nd period - Alex Galchenyuk is hit by Sean Monahan.
11:33 of 2nd period - Shot by Nino Niederreiter.
11:33 of 2nd period - Stopped by Connor Ingram without a rebound.
11:34 of 2nd period - Ryan Nugent-Hopkins wins face-off versus Casey Mittelstadt in UTAH ICE BEARS zone.
12:09 of 2nd period - Shot by Joel Armia.
12:09 of 2nd period - Deflect By Ryan Nugent-Hopkins.
12:09 of 2nd period - Stopped by Connor Ingram without a rebound.
12:10 of 2nd period - Sean Monahan wins face-off versus Nicholas Paul in UTAH ICE BEARS zone.
12:10 of 2nd period - Sean Monahan is hit by Ondrej Vala.
12:23 of 2nd period - Minor Penalty to Ondrej Vala for Interference.
12:24 of 2nd period - Artem Anisimov wins face-off versus Sean Monahan in UTAH ICE BEARS zone.
12:59 of 2nd period - Shot by Johnny Gaudreau.
12:59 of 2nd period - Shot Misses the Net.
13:16 of 2nd period - Mike Ferland is hit by MacKenzie Weegar and loses puck.
13:28 of 2nd period - Shot by Mike Ferland.
13:28 of 2nd period - Goal by Mike Ferland - LAS VEGAS LIZARD KINGS : 3 - UTAH ICE BEARS : 0.
13:29 of 2nd period - Nicholas Paul wins face-off versus Ryan Nugent-Hopkins in neutral zone.
13:57 of 2nd period - Shot by Zach Hyman.
13:57 of 2nd period - Shot Blocked by Joel Armia.
13:59 of 2nd period - Shot by Zach Hyman.
13:59 of 2nd period - Shot Misses the Net.
14:33 of 2nd period - Shot by Johnny Gaudreau.
14:33 of 2nd period - Goal by Johnny Gaudreau - LAS VEGAS LIZARD KINGS : 4 - UTAH ICE BEARS : 0.
14:34 of 2nd period - Barclay Goodrow wins face-off versus Casey Mittelstadt in neutral zone.
15:05 of 2nd period - Shot by Mark Pysyk.
15:05 of 2nd period - Shot Blocked by Troy Stecher.
15:07 of 2nd period - Shot by Matt Niskanen.
15:07 of 2nd period - Stopped by Connor Ingram without a rebound.
15:08 of 2nd period - Nino Niederreiter wins face-off versus Rudolfs Balcers in UTAH ICE BEARS zone.
15:29 of 2nd period - Shot by Johnny Gaudreau.
15:29 of 2nd period - Stopped by Connor Ingram with a rebound.
15:31 of 2nd period - Shot by Johnny Gaudreau.
15:31 of 2nd period - Stopped by Connor Ingram without a rebound.
15:32 of 2nd period - Nicholas Paul wins face-off versus Ryan Nugent-Hopkins in UTAH ICE BEARS zone.
16:45 of 2nd period - Shot by Mike Ferland.
16:45 of 2nd period - Deflect By Derek Ryan.
16:45 of 2nd period - Shot Misses the Net.
16:57 of 2nd period - Shot by Mike Ferland.
16:57 of 2nd period - Stopped by Connor Ingram without a rebound.
16:58 of 2nd period - Sean Monahan wins face-off versus Casey Mittelstadt in UTAH ICE BEARS zone.
17:02 of 2nd period - Nino Niederreiter is hit by Ondrej Vala and loses puck.
17:10 of 2nd period - Sean Monahan is hit by Ondrej Vala.
17:16 of 2nd period - Shot by Sean Monahan.
17:16 of 2nd period - Shot Misses the Net.
17:18 of 2nd period - Shot by Johnny Gaudreau.
17:18 of 2nd period - Stopped by Connor Ingram without a rebound.
17:19 of 2nd period - Derek Ryan wins face-off versus Artem Anisimov in UTAH ICE BEARS zone.
17:32 of 2nd period - Shot by Barclay Goodrow.
17:32 of 2nd period - Shot Misses the Net.
17:38 of 2nd period - Shot by Artem Anisimov.
17:38 of 2nd period - Stopped by Marc-Andre Fleury without a rebound.
17:39 of 2nd period - Alex Galchenyuk wins face-off versus Sean Monahan in LAS VEGAS LIZARD KINGS zone.
17:44 of 2nd period - Shot by Alex Galchenyuk.
17:44 of 2nd period - Stopped by Marc-Andre Fleury with a rebound.
17:46 of 2nd period - Shot by Rudolfs Balcers.
17:46 of 2nd period - Stopped by Marc-Andre Fleury without a rebound.
17:47 of 2nd period - Sean Monahan wins face-off versus Alex Galchenyuk in LAS VEGAS LIZARD KINGS zone.
18:18 of 2nd period - Shot by Nino Niederreiter.
18:18 of 2nd period - Shot Misses the Net.
18:20 of 2nd period - Shot by Nino Niederreiter.
18:20 of 2nd period - Shot Misses the Net.
18:59 of 2nd period - Barclay Goodrow is hit by Tim Heed.
19:11 of 2nd period - Shot by Derek Ryan.
19:11 of 2nd period - Stopped by Connor Ingram with a rebound.
19:13 of 2nd period - Shot by Brent Burns.
19:13 of 2nd period - Stopped by Connor Ingram without a rebound.
19:14 of 2nd period - Nicholas Paul wins face-off versus Ryan Nugent-Hopkins in UTAH ICE BEARS zone.
19:14 of 2nd period - Nicholas Paul is hit by Bobby Ryan.
19:30 of 2nd period - Icing by Zach Hyman.
19:31 of 2nd period - Sean Monahan wins face-off versus Nicholas Paul in UTAH ICE BEARS zone.
19:35 of 2nd period - Sean Monahan is hit by Ondrej Vala and loses puck.
19:59 of 2nd period - Shot by Sean Monahan.
19:59 of 2nd period - Stopped by Connor Ingram without a rebound.
Goals for this period are 2 for LAS VEGAS LIZARD KINGS vs 0 for UTAH ICE BEARS.
Shots for this period are 25 for LAS VEGAS LIZARD KINGS vs 5 for UTAH ICE BEARS.

3rd period


0:01 of 3rd period - Barclay Goodrow wins face-off versus Nicholas Paul in neutral zone.
0:22 of 3rd period - Brayden McNabb is hit by Vladislav Kotkov.
0:51 of 3rd period - Icing by Zach Hyman.
0:52 of 3rd period - Nicholas Paul wins face-off versus Sean Monahan in UTAH ICE BEARS zone.
0:52 of 3rd period - Nicholas Paul is hit by Mark Pysyk.
1:06 of 3rd period - Shot by Jake Guentzel.
1:06 of 3rd period - Stopped by Marc-Andre Fleury with a rebound.
1:30 of 3rd period - Nino Niederreiter is hit by Troy Stecher and loses puck.
1:49 of 3rd period - Mark Pysyk is hit by Dominic Toninato.
3:02 of 3rd period - Shot by Joel Armia.
3:02 of 3rd period - Shot Blocked by Kevin Shattenkirk.
4:08 of 3rd period - Icing by Kevin Shattenkirk.
4:09 of 3rd period - Alex Galchenyuk wins face-off versus Evan Rodrigues in UTAH ICE BEARS zone.
4:55 of 3rd period - Icing by Zach Hyman.
4:56 of 3rd period - Sean Monahan wins face-off versus Nicholas Paul in UTAH ICE BEARS zone.
5:07 of 3rd period - Shot by Johnny Gaudreau.
5:07 of 3rd period - Shot Blocked by Brett Kulak.
5:23 of 3rd period - Shot by Johnny Gaudreau.
5:23 of 3rd period - Shot Misses the Net.
5:25 of 3rd period - Shot by Johnny Gaudreau.
5:25 of 3rd period - Shot Misses the Net.
5:35 of 3rd period - Shot by Johnny Gaudreau.
5:35 of 3rd period - Shot Misses the Net.
6:09 of 3rd period - Shot by Jake Guentzel.
6:09 of 3rd period - Stopped by Marc-Andre Fleury without a rebound.
6:10 of 3rd period - Mike Ferland wins face-off versus Casey Mittelstadt in LAS VEGAS LIZARD KINGS zone.
6:14 of 3rd period - Derek Ryan is hit by MacKenzie Weegar and loses puck.
6:41 of 3rd period - Shot by Derek Ryan.
6:41 of 3rd period - Shot Blocked by Jake Guentzel.
7:01 of 3rd period - Off-side.
7:02 of 3rd period - Artem Anisimov wins face-off versus Ryan Nugent-Hopkins in neutral zone.
7:05 of 3rd period - Alex Petrovic is hit by Ryan Kuffner and loses puck.
7:30 of 3rd period - Shot by Bobby Ryan.
7:30 of 3rd period - Shot Misses the Net.
7:32 of 3rd period - Shot by Joel Armia.
7:32 of 3rd period - Shot Misses the Net.
7:34 of 3rd period - Shot by Joel Armia.
7:34 of 3rd period - Stopped by Connor Ingram with a rebound.
7:36 of 3rd period - Shot by Joel Armia.
7:36 of 3rd period - Shot Misses the Net.
7:40 of 3rd period - Shot by Joel Armia.
7:40 of 3rd period - Stopped by Connor Ingram without a rebound.
7:41 of 3rd period - Sean Monahan wins face-off versus Alex Galchenyuk in UTAH ICE BEARS zone.
8:03 of 3rd period - Shot by Alex Galchenyuk.
8:03 of 3rd period - Shot Misses the Net.
8:15 of 3rd period - MacKenzie Weegar is hit by Johnny Gaudreau and loses puck.
9:15 of 3rd period - Shot by Joel Armia.
9:15 of 3rd period - Shot Blocked by Mats Zuccarello.
9:31 of 3rd period - Shot by Bobby Ryan.
9:31 of 3rd period - Shot Misses the Net.
10:09 of 3rd period - Shot by Mike Ferland.
10:09 of 3rd period - Stopped by Connor Ingram with a rebound.
10:24 of 3rd period - Troy Stecher is hit by Barclay Goodrow and loses puck.
10:57 of 3rd period - Shot by Jake Guentzel.
10:57 of 3rd period - Shot Misses the Net.
11:52 of 3rd period - Icing by Johnny Gaudreau.
11:53 of 3rd period - Casey Mittelstadt wins face-off versus Sean Monahan in LAS VEGAS LIZARD KINGS zone.
13:30 of 3rd period - Ryan Nugent-Hopkins is hit by Ondrej Vala and loses puck.
13:36 of 3rd period - Icing by Brett Kulak.
13:37 of 3rd period - Alex Galchenyuk wins face-off versus Ryan Nugent-Hopkins in UTAH ICE BEARS zone.
13:39 of 3rd period - Rudolfs Balcers is hit by Ryan Nugent-Hopkins and loses puck.
14:13 of 3rd period - Mats Zuccarello is hit by Alex Petrovic and loses puck.
14:25 of 3rd period - Mats Zuccarello is hit by Alex Petrovic.
14:38 of 3rd period - Ryan Nugent-Hopkins is hit by Troy Stecher and loses puck.
15:03 of 3rd period - Shot by Jake Guentzel.
15:03 of 3rd period - Shot Misses the Net.
15:05 of 3rd period - Shot by Jake Guentzel.
15:05 of 3rd period - Shot Blocked by Alex Petrovic.
15:07 of 3rd period - Shot by Jake Guentzel.
15:07 of 3rd period - Stopped by Marc-Andre Fleury without a rebound.
15:08 of 3rd period - Derek Ryan wins face-off versus Nicholas Paul in LAS VEGAS LIZARD KINGS zone.
15:21 of 3rd period - Shot by Barclay Goodrow.
15:21 of 3rd period - Deflect By Mike Ferland.
15:21 of 3rd period - Stopped by Connor Ingram with a rebound.
16:20 of 3rd period - Shot by Artem Anisimov.
16:20 of 3rd period - Shot Blocked by Matt Niskanen.
16:51 of 3rd period - Shot by Casey Mittelstadt.
16:51 of 3rd period - Stopped by Marc-Andre Fleury without a rebound.
16:52 of 3rd period - Sean Monahan wins face-off versus Alex Galchenyuk in LAS VEGAS LIZARD KINGS zone.
17:33 of 3rd period - Shot by Johnny Gaudreau.
17:33 of 3rd period - Deflect By Nino Niederreiter.
17:33 of 3rd period - Stopped by Connor Ingram without a rebound.
17:34 of 3rd period - Nicholas Paul wins face-off versus Ryan Nugent-Hopkins in UTAH ICE BEARS zone.
17:58 of 3rd period - Shot by Ryan Nugent-Hopkins.
17:58 of 3rd period - Stopped by Connor Ingram with a rebound.
18:00 of 3rd period - Shot by Ryan Nugent-Hopkins.
18:00 of 3rd period - Shot Blocked by Zach Hyman.
18:15 of 3rd period - Icing by Brett Kulak.
18:16 of 3rd period - Nicholas Paul wins face-off versus Nino Niederreiter in UTAH ICE BEARS zone.
18:16 of 3rd period - Nicholas Paul is hit by Nino Niederreiter.
18:19 of 3rd period - Zach Hyman is hit by Nino Niederreiter.
18:23 of 3rd period - Zach Hyman is hit by Nino Niederreiter and loses puck.
18:46 of 3rd period - Shot by Nino Niederreiter.
18:46 of 3rd period - Stopped by Connor Ingram without a rebound.
18:47 of 3rd period - Casey Mittelstadt wins face-off versus Ryan Nugent-Hopkins in UTAH ICE BEARS zone.
18:47 of 3rd period - Casey Mittelstadt is hit by Bobby Ryan.
19:09 of 3rd period - Shot by Casey Mittelstadt.
19:09 of 3rd period - Goal by Casey Mittelstadt - LAS VEGAS LIZARD KINGS : 4 - UTAH ICE BEARS : 1.
19:10 of 3rd period - Alex Galchenyuk wins face-off versus Sean Monahan in neutral zone.
Goals for this period are 0 for LAS VEGAS LIZARD KINGS vs 1 for UTAH ICE BEARS.
Shots for this period are 7 for LAS VEGAS LIZARD KINGS vs 5 for UTAH ICE BEARS.


AUSTON
MATTHEWS
JOEL
ERIKSSON
MATHEW
BARZAL

EAST COAST

HOCKEY LEAGUE

  • 21.PIT7MAN3
  • 22.ATL3NHW4
  • 23.WOR5PET4
  • 24.3RHI4
  • 25.QUECHI
  • 26.CHALIM
  • 27.TRVLON
  • 28.CHWBAL